 Dungeon Crawl Stone Soup version 0.30-a0-726-gd89dcf765f (webtiles) character file.

Game seed: 5118776360950609781

111 timneilson the Shield-Bearer (level 4, 0/28 HPs)
             Began as a Gargoyle Fighter on Jan 29, 2023.
             Frozen to death by an endoplasm (3 damage)
             ... on level 2 of the Dungeon.
             The game lasted 00:02:30 (1444 turns).

timneilson the Shield-Bearer (Gargoyle Fighter)     Turns: 1444, Time: 00:02:31

Health: 0/28       AC: 13    Str: 21    XL:     4   Next: 92%
Magic:  4/4        EV:  7    Int:  9    God:
Gold:   77         SH:  4    Dex:  9    Spells: 3/3 levels left

rFire   . . .      SeeInvis .    a - +1 long sword
rCold   . . .      Faith    .    c - +0 buckler
rNeg    + . .      Spirit   .    e - +0 chain mail
rPois   ∞          Reflect  .    (no helmet)
rElec   +          Harm     .    (no cloak)
rCorr   .          Rampage  .    (no gloves)
Will    .....                    (no boots) Stlth
                                 (no amulet)
HPRegen 0.24/turn                (no ring)
MPRegen 0.09/turn                (no ring)

@: no status effects
A: sickness immunity, AC +3, negative energy resistance 1, electricity
resistance, torment resistance 1, petrification resistance
a: no special abilities


You were on level 2 of the Dungeon.
You visited 1 branch of the dungeon, and saw 3 of its levels.

You collected 77 gold pieces.

Inventory:

Hand Weapons
 a - a +1 long sword (weapon)
Armour
 c - a +0 buckler (worn)
 e - a +0 chain mail (worn)
 j - a +0 plate armour
Scrolls
 b - 4 scrolls of identify
 i - a scroll of enchant weapon
Potions
 d - a potion of might
 f - a potion of haste
 h - 2 potions of heal wounds
 k - a potion of resistance


   Skills:
 + Level 3.6 Fighting
 * Level 2.8 Long Blades
 * Level 4.0 Armour
 + Level 1.0 Dodging
 * Level 4.1 Shields


You had 3 spell levels left.
You didn't know any spells.
Your spell library contained the following spells:

 Spells                   Type           Power      Damage    Failure   Level
 Ensorcelled Hibernation  Hex/Ice        0%         N/A       100%        2
 Passwall                 Tmut/Erth      0%         N/A       100%        2
 Swiftness                Air            0%         N/A       100%        3
 Dispel Undead            Necr           0%         3d6       100%        4
 Death Channel            Necr           0%         N/A       100%        6
 Cigotuvi's Dreadful Rot  Necr/Pois/Air  Unusable   N/A       N/A         2

Dungeon Overview and Level Annotations

Branches:
Dungeon (3/15)

Altars:

Shops:
D:1 :


Innate Abilities, Weirdness & Mutations

You are immune to sickness and miasma.
Your stone body is resilient. (AC +3)
You are immune to poison.
You resist negative energy. (rN+)
You are resistant to electric shocks. (rElec)
You are resistant to unholy torment.
You are immune to petrification.


Message History

You are too injured to fight recklessly!
You are too injured to fight recklessly!
The endoplasm barely misses you.
The phantom hits you but does no damage.
The endoplasm attacks as you move away!
The endoplasm hits you but does no damage.
The phantom hits you but does no damage.
There is a stone staircase leading up here.
The endoplasm hits you but does no damage.
The phantom hits you but does no damage.
You climb upwards.
There is a stone staircase leading down here.
The endoplasm hits you but does no damage.
The phantom attacks as you move away! The phantom completely misses you.
The endoplasm attacks as you move away!
The endoplasm hits you but does no damage.
The phantom attacks as you move away!
The phantom hits you but does no damage.
The endoplasm attacks as you move away! The endoplasm closely misses you.
The phantom attacks as you move away!
The phantom hits you but does no damage.
You barely miss the endoplasm. The endoplasm freezes you.
You are frozen.
The endoplasm freezes you.
You are frozen.
* * * LOW HITPOINT WARNING * * *
You hit the endoplasm.
The endoplasm is almost dead.
The endoplasm hits you but does no damage.
You hit the endoplasm but do no damage.
The endoplasm is almost dead.
The endoplasm freezes you.
You are frozen.
* * * LOW HITPOINT WARNING * * *
You barely miss the endoplasm.
The endoplasm is almost dead.
The endoplasm freezes you.
You are frozen.
You die...

#.#.# ######.[...#
####.#.###..........#
.........'......>...#
###..#####..)....####
####.# #.......#
..)..## #.......#
.#)#..# #######W#
##.##.# #J# .###..#
#@# ..##..# #.#
)###..# #.# ##.##.#
##'## .#.#..# #...#
.....## ###...#
.##### ##.'...# .#
####..#(..# .#
#...†######


You could see a phantom and an endoplasm.

Vanquished Creatures
  Terence (D:1)
  2 adders
  2 worms (D:2)
  3 dart slugs
  5 orcs (D:3)
  5 endoplasms
  5 giant cockroaches
  A goblin (D:1)
  5 hobgoblins
  3 quokkas
  4 ball pythons
  4 bats (D:2)
  6 frilled lizards
  6 kobolds
52 creatures vanquished.

Notes
Turn   | Place    | Note
-------+----------+-------------------------------------------
     0 | D:1      | timneilson the Gargoyle Fighter began the quest for the
                  | Orb.
     0 | D:1      | Reached XP level 1. HP: 14/14 MP: 1/1
    10 | D:1      | Found a faded altar of an unknown god.
    66 | D:1      | Found Zocael's Book Shoppe.
   100 | D:1      | Reached XP level 2. HP: 13/19 MP: 2/2
   523 | D:1      | Reached XP level 3. HP: 23/23 MP: 3/3
   568 | D:2      | Noticed Terence
   587 | D:1      | Killed Terence
   662 | D:2      | Reached XP level 4. HP: 28/28 MP: 4/4
  1155 | D:2      | Reached skill level 1 in Dodging
  1414 | D:3      | Noticed a phantom
  1444 | D:2      | Frozen to death by an endoplasm

Illustrated notes

Levels and vault maps discovered:
D:1:      shiori_arrival_oz, layout_rooms, ebering_ecumenical_altar_rust,
          serial_shops, nicolae_shop_advertising_works
          [nicolae_subvault_shop_adworks]
D:2:      layout_basic, minmay_between, uniq_terence
D:3:      layout_loops_ring, slow_altar_1, worldfamousw_hep_ancestral_shrine,
          gammafunk_temple_overflow_pools

Skill      XL: |  1  2  3  4 |
---------------+-------------+-----
Long Blades    | 2 |  2.8
Shields        | 4 |  4.1
Armour         | 4 |  4.0
Dodging        | 1 |  1.0
Fighting       | |  3.6

Action                     |  1- 3 |  4- 6 || total
---------------------------+-------+-------++-------
  Melee: Long sword        |    69 |   123 ||   192
    Use: Scroll            |     4 |     3 ||     7
 Armour: Scale mail        |    37 |       ||    37
         Chain mail        |     8 |    84 ||    92
  Dodge: Dodged            |    36 |    53 ||    89
  Block: Buckler           |    14 |    35 ||    49

Table legend: (Time is in decaauts)
 A = Elapsed time spent in this place.
 B = Non-inter-level travel time spent in this place.
 C = Inter-level travel time spent in this place.
 D = Time resting spent in this place.
 E = Time spent auto-exploring this place.
 F = Levels seen in this place.
 G = Mean time per level.
                   A        B        C        D        E       F      G
               +--------+--------+--------+--------+--------+-----+--------+
         Total |   1504 |   1496 |      8 |     44 |   1000 |   3 |  501.3 |
       Dungeon |   1504 |   1496 |      8 |     44 |   1000 |   3 |  501.3 |
               +--------+--------+--------+--------+--------+-----+--------+

Top non-repeatable levels by time:
     D:2: 679 daAuts
     D:1: 665 daAuts
     D:3: 159 daAuts
